[ PARTIDA AOE2 · #474023320 ]
UnrankedHunos vs Vietnamese
Equipo del jugador · DERR
[ ANÁLISIS DE REPETICIÓN · EXTRAÍDO DE LA PARTIDA GRABADA ]
Feudal
11:40
Castillos
26:17
Imperial
35:03
| APM promedio | 12.2 |
| APM pico | 42 |
| eAPM promedio | 5.5 |
| Aldeanos / militares | 49 / 24 |
Foco
⚔️ 21.0% · 🌾 79.0%
Scout Cavalry ×7 · Skirmisher ×6 · Knight ×4 · Spearman ×3 · Monk ×2 · Mangonel ×2
Feudal
11:02
Castillos
20:18
Imperial
39:00
| APM promedio | 17.6 |
| APM pico | 38 |
| eAPM promedio | 12.5 |
| Aldeanos / militares | 135 / 88 |
Foco
⚔️ 23.0% · 🌾 77.0%
Rattan Archer ×26 · Battle Elephant ×23 · Archer ×22 · Spearman ×9 · Skirmisher ×8
Mapa de la partida
Recursos iniciales + cada clic de construcción. Líneas = muros · curvas = relieve. ◆ oro · ⬟ piedra · ● bayas · ✦ reliquia · ◌ hueco del cierre
Tu base· Abierta — flanco sin cerrar
Base de FallingFromSky· ✓ Cerrada en 20:18 · 33t muro · 1 puerta(s)
Terreno inicial suavizado · ◌ = hueco del cierre detectado · pasá el cursor para detalles
Inputs por minuto
— 1497323932 - - FallingFromSky
Build order — 1497323932
134 acciones detectadas en el replay
| 0:05 | Crear | Villager (Male) |
| 0:05 | Crear | Villager (Male) |
| 0:43 | Crear | Villager (Male) |
| 0:43 | Crear | Villager (Male) |
| 1:21 | Crear | Villager (Male) |
| 1:21 | Crear | Villager (Male) |
| 1:53 | Construir | Lumber Camp |
| 2:01 | Crear | Villager (Male) |
| 2:34 | Crear | Villager (Male) |
| 2:34 | Crear | Villager (Male) |
| 3:39 | Crear | Villager (Male) |
| 3:39 | Crear | Villager (Male) |
| 3:40 | Crear | Villager (Male) |
| 3:40 | Crear | Villager (Male) |
| 4:20 | Construir | Mill |
| 5:35 | Crear | Villager (Male) |
| 5:36 | Crear | Villager (Male) |
| 5:36 | Crear | Villager (Male) |
| 5:36 | Crear | Villager (Male) |
| 5:37 | Crear | Villager (Male) |
| 7:27 | Crear | Villager (Male) |
| 7:28 | Crear | Villager (Male) |
| 7:28 | Crear | Villager (Male) |
| 9:30 | Investigar | Feudal Age |
| 9:34 | Crear | Villager (Male) |
| 11:02 | Construir | Farm |
| 11:05 | Construir | Farm |
| 11:07 | Construir | Farm |
| 11:21 | Construir | Barracks |
| 11:37 | Crear | Villager (Male) |
| 11:37 | Crear | Villager (Male) |
| 11:39 | Crear | Villager (Male) |
| 11:40 | Edad | Edad Feudal |
| 12:16 | Construir | Stable |
| 12:19 | Crear | Spearman |
| 12:19 | Crear | Spearman |
| 12:22 | Crear | Spearman |
| 12:27 | Construir | Farm |
| 12:37 | Construir | Farm |
| 12:42 | Crear | Villager (Male) |
| 13:01 | Construir | Blacksmith |
| 13:37 | Investigar | Bloodlines |
| 13:39 | Crear | Scout Cavalry |
| 13:39 | Crear | Scout Cavalry |
| 13:39 | Crear | Scout Cavalry |
| 13:40 | Crear | Scout Cavalry |
| 13:40 | Crear | Scout Cavalry |
| 13:40 | Crear | Scout Cavalry |
| 13:40 | Crear | Scout Cavalry |
| 13:54 | Construir | Farm |
| 13:58 | Construir | Farm |
| 14:09 | Investigar | Double-Bit Axe |
| 14:26 | Crear | Villager (Male) |
| 14:27 | Crear | Villager (Male) |
| 15:11 | Construir | Farm |
| 15:17 | Construir | Farm |
| 15:20 | Construir | Farm |
| 15:28 | Construir | Farm |
| 15:35 | Investigar | Forging |
| 16:12 | Investigar | Scale Barding Armor |
| 17:17 | Crear | Villager (Male) |
| 17:17 | Crear | Villager (Male) |
| 17:18 | Crear | Villager (Male) |
| 19:00 | Construir | Mining Camp |
| 19:28 | Crear | Villager (Male) |
| 19:28 | Crear | Villager (Male) |
| 19:29 | Crear | Villager (Male) |
| 20:01 | Crear | Villager (Male) |
| 20:02 | Crear | Villager (Male) |
| 20:06 | Investigar | Gold Mining |
| 21:30 | Crear | Villager (Male) |
| 21:30 | Crear | Villager (Male) |
| 21:31 | Crear | Villager (Male) |
| 22:08 | Construir | Farm |
| 22:27 | Construir | Farm |
| 22:52 | Construir | Farm |
| 23:15 | Construir | Archery Range |
| 23:37 | Investigar | Castle Age |
| 24:32 | Construir | Farm |
| 24:42 | Construir | Market |
| 24:52 | Crear | Skirmisher |
| 24:53 | Crear | Skirmisher |
| 24:53 | Crear | Skirmisher |
| 24:54 | Crear | Skirmisher |
| 24:55 | Crear | Skirmisher |
| 24:56 | Crear | Skirmisher |
| 26:17 | Edad | Edad de los Castillos |
| 26:20 | Investigar | Iron Casting |
| 26:21 | Investigar | Chain Barding Armor |
| 26:26 | Investigar | Husbandry |
| 26:36 | Construir | Siege Workshop |
| 27:41 | Construir | Farm |
| 27:43 | Crear | Villager (Male) |
| 27:43 | Crear | Villager (Male) |
| 27:43 | Crear | Villager (Male) |
| 27:43 | Crear | Villager (Male) |
| 27:45 | Investigar | Wheelbarrow |
| 28:09 | Construir | Monastery |
| 28:27 | Construir | Farm |
| 28:55 | Construir | Farm |
| 28:59 | Investigar | Bow Saw |
| 29:03 | Investigar | Horse Collar |
| 29:06 | Investigar | Gold Shaft Mining |
| 29:19 | Construir | Farm |
| 29:27 | Construir | Farm |
| 29:47 | Crear | Monk |
| 30:23 | Crear | Mangonel |
| 30:25 | Crear | Mangonel |
| 30:50 | Crear | Monk |
| 31:09 | Crear | Knight |
| 31:53 | Investigar | Imperial Age |
| 33:41 | Construir | Stable |
| 33:43 | Construir | Stable |
| 34:11 | Crear | Villager (Male) |
| 34:12 | Crear | Villager (Male) |
| 34:15 | Investigar | Hand Cart |
| 35:03 | Edad | Edad Imperial |
| 35:06 | Investigar | Cavalier (upgrade) |
| 35:35 | Construir | Mining Camp |
| 35:53 | Construir | Farm |
| 35:58 | Construir | Farm |
| 36:37 | Investigar | Stone Mining |
| 36:52 | Crear | Villager (Male) |
| 36:52 | Crear | Villager (Male) |
| 36:52 | Crear | Villager (Male) |
| 36:53 | Crear | Villager (Male) |
| 37:29 | Investigar | Paladin (upgrade) |
| 37:45 | Crear | Knight |
| 37:45 | Crear | Knight |
| 37:46 | Crear | Knight |
| 38:03 | Construir | Farm |
| 38:05 | Construir | Farm |
| 39:08 | Construir | Farm |
| 39:08 | Construir | Farm |
Build order — FallingFromSky
Primeras 150 de 258 acciones detectadas
| 0:00 | Crear | Villager (Male) |
| 0:01 | Crear | Villager (Male) |
| 0:01 | Crear | Villager (Male) |
| 0:01 | Crear | Villager (Male) |
| 0:02 | Construir | House |
| 0:04 | Construir | House |
| 1:20 | Crear | Villager (Male) |
| 1:21 | Crear | Villager (Male) |
| 1:50 | Construir | Lumber Camp |
| 2:15 | Crear | Villager (Male) |
| 2:15 | Crear | Villager (Male) |
| 2:18 | Crear | Villager (Male) |
| 2:18 | Crear | Villager (Male) |
| 2:49 | Crear | Villager (Male) |
| 3:13 | Crear | Villager (Male) |
| 3:13 | Crear | Villager (Male) |
| 3:34 | Crear | Villager (Male) |
| 3:35 | Crear | Villager (Male) |
| 4:02 | Construir | House |
| 4:04 | Construir | House |
| 4:19 | Crear | Villager (Male) |
| 4:19 | Crear | Villager (Male) |
| 4:23 | Construir | Mill |
| 4:30 | Crear | Villager (Male) |
| 4:30 | Crear | Villager (Male) |
| 5:03 | Crear | Villager (Male) |
| 5:03 | Crear | Villager (Male) |
| 6:22 | Crear | Villager (Male) |
| 6:22 | Crear | Villager (Male) |
| 6:22 | Crear | Villager (Male) |
| 6:24 | Crear | Villager (Male) |
| 6:24 | Crear | Villager (Male) |
| 6:26 | Investigar | Loom |
| 6:57 | Construir | Lumber Camp |
| 8:11 | Construir | Mining Camp |
| 8:42 | Investigar | Feudal Age |
| 8:51 | Construir | Barracks |
| 9:28 | Construir | House |
| 9:29 | Construir | House |
| 9:53 | Construir | Palisade Wall |
| 10:54 | Crear | Villager (Male) |
| 10:54 | Crear | Villager (Male) |
| 10:55 | Crear | Villager (Male) |
| 11:02 | Edad | Edad Feudal |
| 11:09 | Crear | Spearman |
| 11:10 | Crear | Spearman |
| 11:18 | Construir | Archery Range |
| 11:25 | Investigar | Double-Bit Axe |
| 11:50 | Construir | Palisade Wall |
| 12:01 | Crear | Villager (Male) |
| 12:10 | Construir | Blacksmith |
| 12:46 | Crear | Villager (Male) |
| 12:47 | Crear | Villager (Male) |
| 12:48 | Crear | Villager (Male) |
| 12:51 | Construir | Farm |
| 12:57 | Construir | Farm |
| 12:58 | Construir | Farm |
| 12:58 | Construir | Farm |
| 13:27 | Construir | House |
| 13:32 | Construir | House |
| 13:43 | Crear | Villager (Male) |
| 13:44 | Crear | Villager (Male) |
| 13:47 | Construir | Farm |
| 13:47 | Construir | Farm |
| 13:52 | Construir | Farm |
| 13:57 | Investigar | Fletching |
| 14:00 | Crear | Archer ×5 |
| 14:07 | Construir | Farm |
| 14:33 | Construir | Palisade Gate |
| 14:40 | Crear | Villager (Male) |
| 14:43 | Construir | Farm |
| 15:16 | Construir | Farm |
| 15:19 | Crear | Villager (Male) |
| 15:19 | Crear | Villager (Male) |
| 15:20 | Crear | Villager (Male) |
| 15:24 | Construir | Farm |
| 15:28 | Crear | Villager (Male) |
| 15:40 | Construir | Market |
| 15:59 | Construir | Farm |
| 16:04 | Construir | Farm |
| 16:04 | Construir | Farm |
| 16:05 | Construir | Farm |
| 16:06 | Construir | Farm |
| 16:10 | Construir | Farm |
| 16:11 | Construir | Farm |
| 16:12 | Construir | Farm |
| 16:31 | Construir | Farm |
| 16:40 | Construir | Palisade Wall |
| 16:48 | Construir | Farm |
| 16:57 | Construir | House |
| 16:58 | Construir | House |
| 16:59 | Construir | House |
| 17:27 | Crear | Villager (Male) |
| 17:38 | Investigar | Castle Age |
| 17:43 | Crear | Archer ×2 |
| 17:56 | Crear | Spearman |
| 17:56 | Crear | Spearman |
| 17:57 | Crear | Spearman |
| 17:57 | Crear | Spearman |
| 19:09 | Construir | Palisade Wall |
| 19:40 | Crear | Archer ×5 |
| 19:40 | Crear | Archer ×5 |
| 19:56 | Crear | Skirmisher |
| 19:56 | Crear | Skirmisher |
| 19:56 | Crear | Skirmisher |
| 19:57 | Crear | Skirmisher |
| 19:57 | Crear | Skirmisher |
| 19:58 | Crear | Skirmisher |
| 20:18 | Edad | Edad de los Castillos |
| 20:20 | Construir | Town Center |
| 20:34 | Crear | Villager (Male) |
| 20:34 | Crear | Villager (Male) |
| 20:34 | Crear | Villager (Male) |
| 20:35 | Crear | Villager (Male) |
| 21:16 | Construir | House |
| 21:18 | Construir | House |
| 21:20 | Construir | House |
| 21:21 | Construir | House |
| 21:26 | Construir | House |
| 21:28 | Construir | House |
| 21:29 | Construir | House |
| 21:31 | Construir | House |
| 22:01 | Crear | Villager (Male) |
| 22:01 | Crear | Villager (Male) |
| 22:01 | Crear | Villager (Male) |
| 22:02 | Crear | Villager (Male) |
| 22:09 | Construir | Mining Camp |
| 22:13 | Investigar | Crossbowman (upgrade) |
| 22:19 | Crear | Villager (Male) ×5 |
| 22:19 | Crear | Villager (Male) ×5 |
| 22:29 | Construir | Farm |
| 22:30 | Construir | Farm |
| 22:49 | Investigar | Bow Saw |
| 22:52 | Investigar | Horse Collar |
| 22:56 | Investigar | Stone Mining |
| 22:57 | Investigar | Gold Mining |
| 23:01 | Investigar | Forging |
| 23:09 | Construir | Farm |
| 23:14 | Crear | Villager (Male) |
| 23:14 | Crear | Villager (Male) |
| 23:32 | Construir | Farm |
| 23:43 | Construir | Farm |
| 23:56 | Crear | Villager (Male) ×5 |
| 24:02 | Construir | House |
| 24:03 | Construir | House |
| 24:04 | Construir | House |
| 24:06 | Construir | House |
| 24:09 | Construir | House |
| 24:11 | Construir | House |
| 24:40 | Construir | Stable |
Cronología de la partida
| 8:51 | FallingFromSky · first_building Barracks |
| 9:53 | FallingFromSky · wall_segment Palisade Wall x15 |
| 11:02 | FallingFromSky · age_up feudal |
| 11:18 | FallingFromSky · first_building Archery Range |
| 11:21 | 1497323932 · first_building Barracks |
| 11:40 | 1497323932 · age_up feudal |
| 11:50 | FallingFromSky · wall_segment Palisade Wall x8 |
| 12:16 | 1497323932 · first_building Stable |
| 16:40 | FallingFromSky · wall_segment Palisade Wall x2 |
| 17:36 | FallingFromSky · first_market_buy 100 food |
| 19:09 | FallingFromSky · wall_segment Palisade Wall x8 |
| 20:18 | FallingFromSky · age_up castle |
| 23:15 | 1497323932 · first_building Archery Range |
| 24:40 | FallingFromSky · first_building Stable |
| 26:17 | 1497323932 · age_up castle |
| 26:36 | 1497323932 · first_building Siege Workshop |
| 28:09 | 1497323932 · first_building Monastery |
| 28:45 | FallingFromSky · first_building Castle |
| 35:03 | 1497323932 · age_up imperial |
| 35:43 | FallingFromSky · first_market_sell 100 wood |
| 37:23 | 1497323932 · first_market_buy 100 food |
| 39:00 | FallingFromSky · age_up imperial |
| 39:40 | 1497323932 · resign |
[ ANÁLISIS IA · 1 CRÉDITO ]
¿Qué pasó realmente en esta partida?
Wolo.gg analiza cada decisión: build order, eco, micro, errores típicos por bracket. Análisis personalizado por WhatsApp o Discord en 30 segundos.
Guía civ
Hunos
Perfil
Jugador #23923137